 Dungeon Crawl Stone Soup version 0.14-a0-3520-g290746a (webtiles) character file.

134 Kae the Firebug (level 3, -15/19 HPs)
             Began as a Tengu Fire Elementalist on Mar 27, 2014.
             Demolished by Crazy Yiuf
             ... wielding a +4,+4 quarterstaff of chaos
              (19 damage)
             ... on Level 2 of the Dungeon.
             The game lasted 00:02:06 (2385 turns).

Kae the Firebug (Tengu Fire Elementalist)           Turns: 2385, Time: 00:02:07

HP -15/19        AC  2     Str  8      XL: 3   Next: 95%
MP   2/7         EV 12     Int 16      God:
Gold 78          SH  0     Dex 14      Spells:  1 memorised,  5 levels left

rFire  . . .     SeeInvis .     m - -1,-2 dagger (curse)
rCold  . . .     Clarity  .     a - +0 robe
rNeg   . . .     Conserve .     (no shield)
rPois  .         rCorr    .     (helmet restricted)
rElec  .         rRot     .     (no cloak)
SustAb . .       Spirit   .     (no gloves)
rMut   .         Warding  .     (boots unavailable)
Saprov . . .     Stasis   .     (no amulet)
MR     .....                    (no ring)
                                (no ring)

@: very slightly contaminated, drained, not resistant to hostile enchantments,
fairly stealthy
A: beak, talons 3
a: no special abilities


You were on level 2 of the Dungeon.
You were very hungry.

You visited 1 branch of the dungeon, and saw 2 of its levels.

You collected 78 gold pieces.

Inventory:

Hand weapons
 e - a +0,+0 hand axe
 g - a +0,+0 whip
 m - a cursed -1,-2 dagger (weapon)
Armour
 a - a +0 robe (worn)
Comestibles
 c - 2 bread rations
 f - a beef jerky
 h - an apple
Scrolls
 i - a scroll of identify {unknown}
 j - a scroll of amnesia {unknown}
 k - a scroll of enchant weapon II {unknown}
Potions
 d - a potion of paralysis {unknown}
 l - a potion of poison {unknown}
Books
 b - a book of Flames

   Spells                             Type                      Level
   *Flame Tongue                      Conjuration/Fire             1
   Throw Flame                        Conjuration/Fire             2
   Conjure Flame                      Conjuration/Fire             3
   Inner Flame                        Hexes/Fire                   3
   Sticky Flame                       Conjuration/Fire             4
   Fireball                           Conjuration/Fire             5


   Skills:
 - Level 2.1(1.7) Dodging
 - Level 2.0(1.6) Stealth
 + Level 2.3(1.9) Spellcasting
 * Level 3.1(2.7) Conjurations
 * Level 4.2(3.8) Fire Magic


You had 5 spell levels left.
You knew the following spells:

 Your Spells              Type           Power        Failure   Level  Hunger
a - Flame Tongue          Conj/Fire      ##...        8%          1    #......


Dungeon Overview and Level Annotations

Branches:
Dungeon (2/15)

Altars:
Dithmenos
Trog

Annotations:
D:2 Crazy Yiuf


Innate Abilities, Weirdness & Mutations

You have a beak for a mouth.
You have claws for feet.


Message History

The flame hits Crazy Yiuf.
Crazy Yiuf is severely wounded.
Crazy Yiuf screams, "Rifle!
Snurf hog hog."
Crazy Yiuf hits you with a quarterstaff of chaos!
Ouch! That really hurt!
You feel drained.
* * * LOW HITPOINT WARNING * * *
Casting: Flame Tongue
Confirm with . or Enter, or press ? or * to list all spells.
Aiming: Flame Tongue
Press: ? - help, Shift-Dir - straight line, f/p - Crazy Yiuf
Aim: Crazy Yiuf, wielding a quarterstaff of chaos and wearing a cloak (severely wounded)
You miscast Flame Tongue.
You are very lightly contaminated with residual magic.
Sparks fly from your hands!
Crazy Yiuf hits you with a quarterstaff of chaos.
* * * LOW HITPOINT WARNING * * *
Space warps horribly around you!
Ouch! That really hurt!
You die...

...######
........#
.♣P####.# ♣♣.#
#.# ♣♣.####.##
♣..##....# ♣♣♣#
...##....# ###
#♣♣♣♣♣♣♣####
..###.#.##
#)..#♣♣♣♣♣♣....##
..# #.#..#
#...g@♣♣♣♣......#
..# #.##.#
#...#♣..♣.......#
..# #....# ###
#♣♣♣.♣......#
..######.#
♣♣♣♣♣♣♣♣##.##
......##.#
♣♣♣♣♣♣##.#
..###.##.# #.#
..###.##.## #.#
...♣♣♣♣<#.# #.#
..♣.♣P♣♣..# #.#


You could see Crazy Yiuf.

Vanquished Creatures
  An adder (D:2)
  A giant gecko (D:1)
  A ball python (D:2)
  A giant cockroach (D:2)
  5 goblins
  5 hobgoblins
  7 jackals (D:2)
  9 bats
  A giant newt (D:1)
  4 kobolds
  8 rats (D:1)
43 creatures vanquished.

Notes
Turn   | Place    | Note
--------------------------------------------------------------
     0 | D:1      | Kae, the Tengu Fire Elementalist, began the quest for the Orb.
     0 | D:1      | Reached XP level 1. HP: 10/10 MP: 3/3
   286 | D:1      | Reached XP level 2. HP: 13/15 MP: 0/5
   986 | D:1      | Reached XP level 3. HP: 15/19 MP: 7/7
  1184 | D:1      | Reached skill level 4 in Fire Magic
  1311 | D:2      | Found a bloodstained altar of Trog.
  1318 | D:2      | Found a shadowy altar of Dithmenos.
  2380 | D:2      | Noticed Crazy Yiuf
  2385 | D:2      | Demolished by Crazy Yiuf

Action                   || total
-------------------------++-------
Melee: Hand axe          ||     9
       Unarmed           ||     3
       Whip              ||    92
 Cast: Flame Tongue      ||    25
  Use: Potion            ||     1
 Stab: Sleeping          ||     4
